 Dungeon Crawl Stone Soup version 0.17-a0-2148-g9c1f372 (webtiles) character file.

8857 Geeful the Grappler (level 11, -2/109 HPs)
             Began as a Troll Monk on Oct 24, 2015.
             Slain by an alligator simulacrum (15 damage)
             ... in an ice cave.
             The game lasted 00:31:49 (8834 turns).

Geeful the Grappler (Troll Monk)                    Turns: 8834, Time: 00:31:49

Health: -2/109     AC:  9    Str: 28    XL:     11   Next: 15%
Magic:  10/10      EV: 14    Int:  4    God:
Gold:   381        SH:  0    Dex: 15    Spells: 0 memorised, 10 levels left

rFire  . . .     SeeInvis .       - Unarmed
rCold  + . .     Clarity  .     t - +0 robe of Trog's Condemnation {*Corrode +Inv Str+7} (curse)
rNeg   + . .     SustAt   .     (no shield)
rPois  .         Gourm    +     (helmet restricted)
rElec  .         Spirit   .     s - +2 cloak {MR+}
rCorr  .         Warding  .     (gloves unavailable)
rMut   .         Stasis   .     (boots unavailable)
MR     +....                    (no amulet)
Stlth  ++........               y - ring of Kemeutt {rF+ rN+}
                                q - ring of ice

@: somewhat resistant to hostile enchantments, unstealthy
A: unfitting armour, antennae 1, claws 3, icy blue scales 1, dopey 1, fast
metabolism 3, gourmand, regeneration 2, shaggy fur 1, tough skin 2, evolution 2,
MP-powered wands
a: Evoke Invisibility


You were in an ice cave.
You were very full.

You visited 3 branches of the dungeon, and saw 12 of its levels.
You also visited: Ossuary and Ice Cave.

You collected 574 gold pieces.
You spent 193 gold pieces at shops.

Inventory:

Missiles
 I - a large rock (quivered)
Armour
 a - a +0 robe
 i - a +1 cloak of invisibility
 j - a +0 cloak
 s - a +2 cloak of magic resistance (worn)
 t - the cursed +0 robe of Trog's Condemnation (worn) {*Corrode +Inv Str+7}
   (You bought it in a shop on level 4 of the Dungeon)

   It affects your strength (+7).
   It lets you turn invisible.
   It may corrode your equipment when you take damage.
   It has a curse placed upon it.
Jewellery
 k - an uncursed ring of magical power
 q - a ring of ice (left claw)
 x - a +3 ring of intelligence
 y - the ring of Kemeutt (right claw) {rF+ rN+}
   (You found it on level 7 of the Dungeon)

   [ring of protection from fire]

   It protects you from fire.
   It protects you from negative energy.
Wands
 e - a wand of slowing (16)
 A - a wand of flame (24)
 N - a wand of lightning (9)
Scrolls
 f - 5 scrolls of enchant weapon
 m - 7 scrolls of remove curse
 p - a scroll of enchant armour
 v - a scroll of holy word {unknown}
 w - 4 scrolls of teleportation
 D - 2 scrolls of fog
 E - 2 scrolls of fear {unknown}
 F - 2 scrolls of summoning {unknown}
 G - a scroll of amnesia
 J - 2 scrolls of identify
 K - 3 scrolls of blinking {unknown}
 O - a scroll of vulnerability {unknown}
Potions
 g - 2 potions of resistance
 h - 3 potions of brilliance
 l - 3 potions of might
 n - a potion of mutation
 r - a potion of cure mutation
 B - a potion of lignification
 C - 5 potions of curing
 H - 2 potions of magic
Comestibles
 b - 16 bread rations
 c - 8 meat rations
 d - 3 beef jerkies
 u - 2 slices of pizza
 z - 16 fruits
 M - a chunk of flesh


   Skills:
 + Level 7.6 Fighting
 + Level 8.0 Throwing
 + Level 8.0 Dodging
 - Level 1.1 Stealth
 + Level 9.5 Unarmed Combat


You had 10 spell levels left.
You didn't know any spells.

Dungeon Overview and Level Annotations

Branches:
Dungeon (10/15)            Temple (1/1) D:6            Lair (1/8) D:10
    Orc: D:9-12

Altars:
Ashenzari
Cheibriados
Dithmenos
Elyvilon
Fedhas
Gozag
Kikubaaqudgha
Makhleb
Nemelex Xobeh
Okawaru
Qazlal
Ru
Sif Muna
Trog
Vehumet
Xom
Yredelemnul
Zin
The Shining One

Shops:
D:4 [

Annotations:
D:7 section approach only from stairs below w/hydra


Innate Abilities, Weirdness & Mutations

You are too large for most types of armour.
You have claws for hands.
Your metabolism is lightning-fast.
You like to eat raw meat.
You heal very quickly.
You are covered in fur (AC +1).
You have very tough skin (AC +2).
You have a pair of small antennae on your head.
You are partially covered in icy blue scales (AC +1).
You are dopey. (Int -2)
You rapidly evolve.
You expend magic power (3 MP) to strengthen your wands.


Message History

Drink which item? (? for menu, Esc to quit)
You feel much better. The death yak simulacrum gores you!
* * * LOW HITPOINT WARNING * * *
The death yak simulacrum freezes you! You resist.
* * * LOW HITPOINT WARNING * * *
The alligator simulacrum bites you but does no damage.
The alligator simulacrum tail-slaps you but does no damage.
You claw the alligator simulacrum!
You scratch the alligator simulacrum but do no damage.
The alligator simulacrum bites you but does no damage.
The alligator simulacrum tail-slaps you but does no damage.
The death yak simulacrum gores you!
* * * LOW HITPOINT WARNING * * *
The death yak simulacrum freezes you! You resist.
* * * LOW HITPOINT WARNING * * *
Drink which item? (? for menu, Esc to quit)
You feel much better. The alligator simulacrum bites you.
* * * LOW HITPOINT WARNING * * *
The alligator simulacrum freezes you! You resist.
You die...

...##
#...#
##...
#...#
##...##
##.....##
#...∩...#
#...ZZ..#
##..@..##
##...##
#####


You could see an alligator simulacrum and a death yak simulacrum.

Vanquished Creatures
  Erolcha (D:10)
  A cyclops (D:7)
  A wolf spider simulacrum (IceCv)
  Grinder (D:4)
  A two-headed ogre (D:10)
  Eustachio (D:4)
  7 yaks
  A spriggan (D:9)
  Menkaure (D:5)
  A hippogriff (D:10)
  A porcupine (Lair:1)
  2 orc warriors
  The ghost of binmo the Sneak, an amateur SpAs (D:4)
  A water moccasin (D:7)
  11 ice beasts
  2 ogres
  A black bear (D:7)
  3 necrophages
  3 sky beasts
  2 centaurs
  An eye of draining (D:6)
  2 crocodiles (Lair:1)
  An elf zombie (D:8)
  9 giant frogs
  An elf skeleton (D:8)
  A water moccasin zombie (D:8)
  A wyvern skeleton (D:8)
  2 wyvern zombies
  8 scorpions
  The ghost of dsb250 the Grave Robber, a weakling DsNe (D:3)
  3 crimson imps
  4 hounds
  A wight (D:8)
  4 human zombies
  A giant frog zombie (D:10)
  A quasit (D:6)
  A giant frog skeleton (D:8)
  9 orc wizards
  Crazy Yiuf (D:2)
  3 human skeletons (D:8)
  8 orc priests
  A jelly (D:6)
  7 worker ants
  4 iguanas
  2 big kobold zombies (Ossuary)
  A wolf simulacrum (IceCv)
  A hound skeleton (D:6)
  3 mummies
  A worker ant zombie (D:7)
  A gnoll (D:2)
  10 adders
  3 shadow imps
  An ooze (D:5)
  2 adder skeletons (D:4)
  2 adder zombies
  3 worms (D:3)
  4 giant geckos
  25 orcs
  2 ball pythons
  2 giant cockroaches
  9 goblins
  7 hobgoblins
  4 jackals
  9 kobolds
  10 bats
  5 giant newts
  4 goblin zombies
  6 hobgoblin zombies (Ossuary)
  3 jackal zombies (Ossuary)
  11 kobold zombies (Ossuary)
  10 orc zombies
  5 quokkas
  A quokka skeleton (D:8)
  7 rats
  A rat zombie (D:7)
273 creatures vanquished.

Vanquished Creatures (others)
  An orc wizard (D:4)
  A plant (Lair:1)
2 creatures vanquished.

Grand Total: 275 creatures vanquished

Notes
Turn   | Place    | Note
--------------------------------------------------------------
     0 | D:1      | Geeful the Troll Monk began the quest for the Orb.
     0 | D:1      | Reached XP level 1. HP: 22/22 MP: 0/0
   261 | D:1      | Reached XP level 2. HP: 29/29 MP: 1/1
   287 | D:1      | You fall through a shaft!
   301 | D:2      | Reached skill level 1 in Throwing
   304 | D:2      | Reached XP level 3. HP: 28/36 MP: 2/2
   998 | D:2      | Found an iron altar of Okawaru.
  1180 | D:2      | Noticed Crazy Yiuf
  1189 | D:2      | Killed Crazy Yiuf
  1189 | D:2      | Reached XP level 4. HP: 28/44 MP: 3/3
  1431 | D:3      | Noticed dsb250's ghost (weakling DsNe)
  1460 | D:2      | Reached XP level 5. HP: 40/53 MP: 4/4
  1680 | D:3      | Gained mutation: You have a pair of small antennae on your head. [potion of beneficial mutation]
  2167 | D:3      | Killed dsb250's ghost
  2377 | D:4      | Noticed Grinder
  2377 | D:4      | Noticed binmo's ghost (amateur SpAs)
  2479 | D:4      | Reached skill level 5 in Unarmed Combat
  2528 | D:4      | Reached XP level 6. HP: 50/61 MP: 5/5
  2584 | D:4      | Killed binmo's ghost
  2615 | D:4      | Reached XP level 7. HP: 55/68 MP: 6/6
  2798 | D:4      | Found a blossoming altar of Fedhas.
  2879 | D:4      | Found Cifylam's Antique Armour Emporium.
  2903 | D:4      | Bought an embroidered cloak for 85 gold pieces
  2903 | D:4      | Bought a fine robe for 108 gold pieces
  2913 | D:4      | Identified the cursed +0 robe of Trog's Condemnation {*Corrode +Inv Str+7} (You bought it in a shop on level 4 of the Dungeon)
  3013 | D:4      | Noticed Eustachio
  3036 | D:4      | Killed Eustachio
  3098 | D:4      | Paralysed by Grinder for 6 turns
  3104 | D:4      | Killed Grinder
  3104 | D:4      | Reached skill level 6 in Unarmed Combat
  3308 | D:5      | Entered Level 5 of the Dungeon
  3318 | D:5      | Reached XP level 8. HP: 66/79 MP: 7/7
  3423 | D:5      | Reached skill level 5 in Dodging
  3628 | D:5      | Found a shadowy altar of Dithmenos.
  3752 | D:5      | Noticed Menkaure
  3757 | D:5      | Killed Menkaure
  3981 | D:6      | Reached skill level 5 in Fighting
  4012 | D:6      | Reached skill level 7 in Unarmed Combat
  4022 | D:6      | Found a staircase to the Ecumenical Temple.
  4036 | D:6      | Reached skill level 5 in Throwing
  4066 | Temple   | Entered the Ecumenical Temple
  4448 | D:6      | Reached XP level 9. HP: 88/88 MP: 8/8
  4898 | D:7      | Found a sacrificial altar of Ru.
  4899 | D:7      | Found a deep blue altar of Sif Muna.
  4900 | D:7      | Found a shimmering altar of Xom.
  4900 | D:7      | Found a white marble altar of Elyvilon.
  4925 | D:7      | Found a sand-covered staircase.
  4958 | D:7      | Found a stormy altar of Qazlal.
  4969 | Ossuary  | Entered an ossuary
  6312 | D:7      | Got a vibrating pewter ring
  6315 | D:7      | Identified the ring of Kemeutt {rF+ rN+} (You found it on level 7 of the Dungeon)
  6322 | D:7      | Noticed a cyclops
  6342 | D:7      | Killed a cyclops
  6342 | D:7      | Reached skill level 8 in Unarmed Combat
  6342 | D:7      | Noticed a seven-headed hydra
  6463 | D:8      | Found a basalt altar of Yredelemnul.
  6626 | D:8      | Reached XP level 10. HP: 93/98 MP: 9/9
  6652 | D:8      | Found an ancient bone altar of Kikubaaqudgha.
  7151 | D:9      | Gained mutation: You evolve. [potion of mutation]
  7151 | D:9      | Gained mutation: You expend magic power (3 MP) to strengthen your wands. [potion of mutation]
  7151 | D:9      | Gained mutation: You rapidly evolve. [potion of mutation]
  7287 | D:9      | Found a shadowy altar of Dithmenos.
  7359 | D:9      | Gained mutation: You are partially covered in icy blue scales (AC +1). [evolution]
  7735 | D:10     | Entered Level 10 of the Dungeon
  8178 | D:10     | Noticed Erolcha
  8184 | D:10     | Killed Erolcha
  8184 | D:10     | Reached skill level 9 in Unarmed Combat
  8473 | D:10     | Gained mutation: You are dopey. (Int -2) [evolution]
  8486 | D:10     | Found a staircase to the Lair.
  8511 | Lair:1   | Entered Level 1 of the Lair of Beasts
  8665 | Lair:1   | Reached XP level 11. HP: 102/109 MP: 10/10
  8757 | Lair:1   | Found a frozen archway.
  8820 | IceCv    | Entered an ice cave
  8833 | IceCv    | HP: 1/109 [death yak simulacrum (7)]
  8834 | IceCv    | Slain by an alligator simulacrum

Vault maps used:
D:1:      tarquinn_simple_flora_water_b, minmay_quantized
D:2:      kennysheep_nondescript, grunt_decor_cap, okawaru_altar_gauntlet_db,
          uniq_crazy_yiuf_cottage
D:4:      serial_shops, shop, first_bread, fedhas_altar_3, uniq_eustachio,
          uniq_grinder
D:5:      basic_altar, uniq_menkaure
D:6:      minmay_temple_entry_water_ring
D:7:      minmay_klotski, nicolae_overflow_crystal_walls,
          grunt_temple_overflow_open, enter_ossuary_4
D:8:      lemuel_mausoleum_altar_kikubaaqudgha, yredelemnul_altar_generic,
          minmay_misc_feat_chi
D:9:      the_bakery, grunt_dithmenos_smoke_and_mirrors
D:10:     lair_0_dummy, uniq_erolcha
Temple:   circular_temple_12
Lair:1:   portal_ice_cave_entry_ice_beasts, grunt_megastairs_3,
          infiniplex_staircase_pool, lemuel_fruit_tree
Ossuary:  ossuary_tomb_1
IceCv:    ice_cave_small_necro

Action                   |  1- 3 |  4- 6 |  7- 9 | 10-12 || total
-------------------------+-------+-------+-------+-------++-------
Melee: Unarmed           |    80 |   137 |   374 |   281 ||   872
 Abil: Evoke Invisibilit |       |       |     1 |       ||     1
  Use: Scroll            |     6 |     2 |    11 |     3 ||    22
       Potion            |     3 |     2 |       |     7 ||    12
 Stab: Sleeping          |     4 |     4 |     5 |     7 ||    20
       Invisible         |       |       |     2 |       ||     2
       Distracted        |       |       |       |     1 ||     1
  Eat: Chunk             |    16 |    14 |    37 |    19 ||    86
